AoeStats
← Ther_

Nomad

509313682Analyzed
4v4 RM · 8d ago on Sep 26, 2026· 60m 13s· 8 players
Game mode
Random Map
Map size
231×231
Population
200
Speed
Normal
Resources
Standard
Victory
Conquest
Starting age
Dark Age
Ending age
Imperial Age
RankedLock teamsTeams togetherTeam positionsShared explorationLock speedFull tech treeHidden civsTurbo modeCheats
Victory
Defeat
🇻🇳 Persians · Vietnam
1470
+12
🇭🇺 Vikings · Hungary
1365
+17
🇳🇱 Danes · Netherlands
1364
+17
🇬🇧 Italians · United Kingdom
1310
+18
🇨🇳 Mongols · China
1407
-17
🇨🇳 Georgians · China
1406
-17
🇨🇳 Koreans · China
1378
-16
🇭🇰 Bulgarians · Hong Kong SAR China
1329
-14
征南大将军
9:46 Loom
14:38 Feudal Age
16:14 Town Watch
18:40 Castle Age
17:39 Gold Mining
19:16 Double-Bit Axe
20:30 Bow Saw
23:23 Gold Shaft Mining
32:00 Imperial Age
29:27 Horse Collar
30:51 Fletching
32:42 Wheelbarrow
32:01 Fletching
33:01 Ballistics
36:03 Chemistry
37:21 Bodkin Arrow
39:25 Conscription
39:31 Thumb Ring
40:24 Town Watch
41:25 Murder Holes
41:41 Masonry
42:22 Arrowslits
42:56 Hand Cart
44:30 Eupseong
44:30 Treadmill Crane
46:20 Architecture
55:54 Elite War Wagon
56:55 Conscription
58:51 Husbandry
lebron
4:56 Loom
12:26 Feudal Age
16:20 Castle Age
19:01 Fletching
20:24 Gold Mining
23:39 Bodkin Arrow
28:17 Gold Shaft Mining
28:51 Bloodlines
29:23 Scale Barding Armor
31:24 Wheelbarrow
30:36 Horse Collar
33:04 Double-Bit Axe
35:19 Chain Barding Armor
35:01 Husbandry
38:27 Imperial Age
36:22 Heavy Plow
36:54 Bow Saw
37:22 Forging
37:56 Hand Cart
38:02 Town Watch
39:11 Iron Casting
39:00 Stirrups
39:19 Scale Mail Armor
40:19 Blast Furnace
39:30 Squires
39:15 Gambesons
40:14 Conscription
42:11 Conscription
50:16 Arson
50:50 Chain Mail Armor
53:01 Bagains
53:52 Plate Mail Armor
2067
5:34 Loom
14:46 Feudal Age
15:29 Double-Bit Axe
15:52 Gold Mining
23:46 Horse Collar
28:02 Castle Age
28:02 Wheelbarrow
29:36 Bow Saw
30:41 Hand Cart
30:28 Heavy Plow
32:15 Scale Barding Armor
32:05 Town Watch
33:36 Chain Barding Armor
33:18 Guard Tower
33:44 Fletching
36:16 Forging
42:09 Imperial Age
40:15 Svan Towers
40:52 Bodkin Arrow
41:46 Iron Casting
40:55 Treadmill Crane
41:20 Stone Mining
42:10 Husbandry
42:20 Bloodlines
43:25 Conscription
43:48 Plate Barding Armor
44:08 Keep
43:19 Arrowslits
44:04 Elite Monaspa
44:52 Bracer
49:36 Blast Furnace
53:55 Masonry
55:39 Hoardings
56:29 Chemistry
56:10 Ballistics
300P 4V4
4:38 Loom
13:13 Feudal Age
17:45 Castle Age
16:00 Double-Bit Axe
16:54 Stone Mining
19:47 Wheelbarrow
19:26 Bow Saw
21:43 Gold Mining
23:17 Medium Warships
25:51 Hand Cart
31:39 Imperial Age
32:56 Conscription
33:02 Fletching
34:13 Ballistics
35:43 Masonry
35:37 Bodkin Arrow
37:02 Bloodlines
37:12 Light Cavalry
37:52 Husbandry
38:03 Bracer
39:22 Padded Archer Armor
39:36 Scale Barding Armor
39:26 Hussar
46:05 Elite Mangudai
46:17 Elite Mangudai
47:53 Leather Archer Armor
50:16 Parthian Tactics
50:57 Chemistry
55:41 Thumb Ring
Luca
3:19 Loom
13:26 Feudal Age
18:32 Castle Age
17:17 Double-Bit Axe
19:40 Medium Warships
20:34 Town Watch
21:25 Wheelbarrow
24:06 Fishing Lines
25:00 Fletching
36:44 Imperial Age
39:24 Conscription
40:08 Chemistry
39:57 Padded Archer Armor
39:53 Bodkin Arrow
40:21 Ballistics
40:24 Bow Saw
41:13 Leather Archer Armor
43:06 Hand Cart
43:55 Two-Man Saw
45:00 Town Patrol
45:39 Elite Genoese Crossbowman
46:17 Gold Mining
47:45 Hoardings
49:51 Ring Archer Armor
49:21 Bracer
56:17 Murder Holes
56:33 Masonry
Ther_
11:28 Loom
14:26 Feudal Age
18:07 Castle Age
15:56 Double-Bit Axe
15:58 Fishing Lines
16:26 Town Watch
16:42 Horse Collar
19:44 Fletching
21:10 Bodkin Arrow
24:23 Scale Mail Armor
27:04 Bow Saw
28:40 Heavy Plow
28:31 Gold Mining
28:32 Stone Mining
35:13 Imperial Age
34:07 Wheelbarrow
35:30 Forging
40:41 Iron Casting
42:56 Conscription
46:41 Masonry
47:58 Chain Mail Armor
48:28 Coinage
50:39 Gold Shaft Mining
50:10 Elite Jomsviking
52:25 Plate Mail Armor
53:38 Hamask
55:41 Hand Cart
56:09 Siege Engineers
56:26 Ballistics
56:19 Capped Ram
57:35 Bracer
57:35 Siege Ram
60:36 Hoardings
huninter
13:25 Feudal Age
14:27 Double-Bit Axe
14:34 Gold Mining
17:39 Loom
21:12 Castle Age
19:22 Fletching
22:10 Medium Warships
22:56 Gold Shaft Mining
22:41 Bodkin Arrow
24:39 Fishing Lines
26:18 Ballistics
26:47 Bow Saw
26:29 Stone Mining
26:40 Gillnets
31:14 Horse Collar
34:17 Imperial Age
32:41 Heavy Plow
32:52 Scale Mail Armor
33:02 Forging
35:44 Bracer
35:59 Chain Mail Armor
36:19 Iron Casting
37:12 Conscription
38:13 Plate Mail Armor
37:45 Squires
37:11 Elite Varangian Guard
39:24 Two-Man Saw
38:26 Treadmill Crane
39:47 Chemistry
41:18 Blast Furnace
40:30 Elite Berserk
41:42 Chieftains
42:37 Arson
59:21 Siege Engineers
59:27 Masonry
59:15 Murder Holes
shogun
4:31 Loom
13:18 Feudal Age
14:31 Wheelbarrow
13:44 Double-Bit Axe
18:27 Castle Age
16:57 Stone Mining
21:35 Fishing Lines
22:48 Bow Saw
23:31 Fletching
24:32 Gillnets
24:56 Gold Mining
25:16 Padded Archer Armor
25:32 Elite Skirmisher
26:32 Leather Archer Armor
27:43 Ballistics
32:06 Hand Cart
36:22 Imperial Age
34:08 Bloodlines
33:59 Husbandry
37:10 Conscription
37:47 Bodkin Arrow
40:03 Chemistry
40:05 Ring Archer Armor
46:24 Forging
46:20 Scale Barding Armor
51:05 Cavalier
52:34 Iron Casting
52:21 Chain Barding Armor
56:34 Blast Furnace
57:23 Gold Shaft Mining
58:33 Savar
60:34 Plate Barding Armor
Connection lost

Rejoining the realm…

Still unreachable

The connection could not be restored.

Session expired

The server has moved on; the page needs a fresh start.